TOP OF THE 1ST |
Washington State Cougars batting - Pitching for Texas A&M Aggies : RHP Josh Ewing
|
Pitching: RHP Josh Ewing
|
|
Batting: RHB Montego Martínez
|
0-0: Fly out, F9 (Flyball, 9S)
|
Batting: RHB Brian Austin
|
0-0: Ball 1-0: Ball 2-0: Ground out 4-3 (Groundball, 4)
|
Batting: LHB Conan Bush
|
0-0: Foul Ball, location: 2F 0-1: Foul Ball, location: 2F 0-2: Strikes out swinging
|
Top of the 1st over - 0 run(s), 0 hit(s), 0 error(s), 0 left on base; Washington State 0 - Texas A&M 0 |
BOTTOM OF THE 1ST |
Texas A&M Aggies batting - Pitching for Washington State Cougars : RHP Oliver Flores
|
Pitching: RHP Oliver Flores
|
|
Batting: RHB Irwin Robinson
|
0-0: Fly out, F8 (Flyball, 78M)
|
Batting: RHB Júlio Hobbs
|
0-0: Foul Ball, location: 2F 0-1: Ball 1-1: Ball 2-1: Ball 3-1: Foul Ball, location: 2F 3-2: Fly out, F7 (Flyball, 78XD)
|
Batting: LHB Edward Bennett
|
0-0: Ball 1-0: Ball 2-0: Swinging Strike 2-1: Fly out, F7 (Line Drive, 7S)
|
Bottom of the 1st over - 0 run(s), 0 hit(s), 0 error(s), 0 left on base; Washington State 0 - Texas A&M 0 |
TOP OF THE 2ND |
Washington State Cougars batting - Pitching for Texas A&M Aggies : RHP Josh Ewing
|
Batting: RHB Jesús Domínguez
|
0-0: Ball 1-0: Called Strike 1-1: Ball 2-1: Foul Ball, location: 2F 2-2: Ball 3-2: Ground out 5-3 (Groundball, 56)
|
Batting: LHB Andrew Lockhart
|
0-0: Called Strike 0-1: Ground out 6-3 (Groundball, 6S)
|
Batting: RHB John Hall
|
0-0: Ball 1-0: Ball 2-0: Called Strike 2-1: Swinging Strike 2-2: Ball 3-2: Strikes out swinging
|
Top of the 2nd over - 0 run(s), 0 hit(s), 0 error(s), 0 left on base; Washington State 0 - Texas A&M 0 |
BOTTOM OF THE 2ND |
Texas A&M Aggies batting - Pitching for Washington State Cougars : RHP Oliver Flores
|
Batting: RHB Brandon Townsley
|
0-0: Foul Ball, location: 2F 0-1: DOUBLE (Line Drive, 89M)
|
Batting: RHB Kevin Wilson
|
0-0: Foul Ball, location: 2F 0-1: Ball Wild Pitch! Brandon Townsley to third 1-1: Ball 2-1: SINGLE (Groundball, 56D) Brandon Townsley scores
|
Batting: RHB James Richardson
|
0-0: Called Strike 0-1: Ball 1-1: Ball 2-1: Swinging Strike 2-2: Ball 3-2: Base on Balls Kevin Wilson to second
|
Batting: LHB Steve Hoffman
|
0-0: Called Strike 0-1: Ball 1-1: SINGLE (Groundball, 4MD) Kevin Wilson to third James Richardson to second Runner from 3rd tries for Home, SAFE, throw made home
|
Batting: RHB Jason Lawson
|
0-0: SINGLE (Groundball, 56D) James Richardson to third Steve Hoffman to second Runner from 3rd tries for Home, SAFE, throw made home Steve Hoffman to third Jason Lawson to second
|
Batting: RHB Paul Stewart
|
0-0: Called Strike 0-1: Swinging Strike 0-2: Ball 1-2: Strikes out swinging
|
Batting: RHB Irwin Robinson
|
0-0: SINGLE (Line Drive, 8LS) Steve Hoffman scores Jason Lawson to third
|
Batting: RHB Júlio Hobbs
|
0-0: Grounds into double play, 6-4-3 (Groundball, 6)
|
Bottom of the 2nd over - 4 run(s), 5 hit(s), 0 error(s), 1 left on base; Washington State 0 - Texas A&M 4 |
TOP OF THE 3RD |
Washington State Cougars batting - Pitching for Texas A&M Aggies : RHP Josh Ewing
|
Batting: RHB Rick Holman
|
0-0: Fly out, F6 (Line Drive, 6M)
|
Batting: RHB Nick Bailey
|
0-0: Ball 1-0: Swinging Strike 1-1: Ball 2-1: Swinging Strike 2-2: Ball 3-2: Strikes out swinging
|
Batting: RHB Lawrence Vaughn
|
0-0: Called Strike 0-1: Ball 1-1: Called Strike 1-2: SOLO HOME RUN (Flyball, 7D), Distance : 366 ft
|
Batting: RHB Montego Martínez
|
0-0: Foul Ball, location: 2F 0-1: Ball 1-1: Fly out, F7 (Line Drive, 7)
|
Top of the 3rd over - 1 run(s), 1 hit(s), 0 error(s), 0 left on base; Washington State 1 - Texas A&M 4 |
BOTTOM OF THE 3RD |
Texas A&M Aggies batting - Pitching for Washington State Cougars : RHP Oliver Flores
|
Batting: LHB Edward Bennett
|
0-0: Ball 1-0: SINGLE (Line Drive, 34D)
|
Batting: RHB Brandon Townsley
|
0-0: Hit by Pitch Edward Bennett to second
|
Batting: RHB Kevin Wilson
|
0-0: Ball 1-0: Called Strike 1-1: Foul Ball, location: 2F 1-2: Ball 2-2: Fly out, F8 (Flyball, 78M)
|
Batting: RHB James Richardson
|
0-0: Ball 1-0: Ball 2-0: DOUBLE (Flyball, 8RD) Edward Bennett scores Brandon Townsley to third Runner from 3rd tries for Home, SAFE, no throw
|
Batting: LHB Steve Hoffman
|
0-0: Ball 1-0: Ball 2-0: Swinging Strike 2-1: Ball 3-1: Swinging Strike 3-2: Base on Balls
|
Batting: RHB Jason Lawson
|
0-0: Ball 1-0: Ball 2-0: Called Strike 2-1: Foul Ball, location: 2F 2-2: SINGLE (Line Drive, 78S) James Richardson to third Steve Hoffman to second Throwing error, E7 James Richardson scores Steve Hoffman to third Jason Lawson to second
|
Pitching: RHP Lawrence Thomas
|
|
Batting: RHB Paul Stewart
|
0-0: Ball 1-0: Foul Ball, location: 2F 1-1: Swinging Strike 1-2: Fly out, F8 (Flyball, 8LM) Runner from 3rd tags up, OUT at HOME
|
Bottom of the 3rd over - 3 run(s), 3 hit(s), 1 error(s), 1 left on base; Washington State 1 - Texas A&M 7 |
TOP OF THE 4TH |
Washington State Cougars batting - Pitching for Texas A&M Aggies : RHP Josh Ewing
|
Batting: RHB Brian Austin
|
0-0: Ball 1-0: Foul Ball, location: 2F 1-1: Ball 2-1: Swinging Strike 2-2: Strikes out looking
|
Batting: LHB Conan Bush
|
0-0: Ball 1-0: Ball 2-0: Ball 3-0: Called Strike 3-1: Called Strike 3-2: Strikes out swinging
|
Batting: RHB Jesús Domínguez
|
0-0: Ball 1-0: Foul Ball, location: 2F 1-1: Called Strike 1-2: Strikes out swinging
|
Top of the 4th over - 0 run(s), 0 hit(s), 0 error(s), 0 left on base; Washington State 1 - Texas A&M 7 |
BOTTOM OF THE 4TH |
Texas A&M Aggies batting - Pitching for Washington State Cougars : RHP Lawrence Thomas
|
Batting: RHB Irwin Robinson
|
0-0: Ground out 1-3 (Groundball, 13S)
|
Batting: RHB Júlio Hobbs
|
0-0: Foul Ball, location: 2F 0-1: Called Strike 0-2: Strikes out looking
|
Batting: LHB Edward Bennett
|
0-0: Fly out, F7 (Flyball, 78S)
|
Bottom of the 4th over - 0 run(s), 0 hit(s), 0 error(s), 0 left on base; Washington State 1 - Texas A&M 7 |
TOP OF THE 5TH |
Washington State Cougars batting - Pitching for Texas A&M Aggies : RHP Josh Ewing
|
Batting: LHB Andrew Lockhart
|
0-0: Called Strike 0-1: Ball 1-1: Called Strike 1-2: Strikes out swinging
|
Batting: RHB John Hall
|
0-0: Called Strike 0-1: Swinging Strike 0-2: Foul Ball, location: 2F 0-2: Ground out 5-3 (Groundball, 56)
|
Batting: RHB Rick Holman
|
0-0: Ball 1-0: Called Strike 1-1: Foul Ball, location: 2F 1-2: Strikes out swinging
|
Top of the 5th over - 0 run(s), 0 hit(s), 0 error(s), 0 left on base; Washington State 1 - Texas A&M 7 |
BOTTOM OF THE 5TH |
Texas A&M Aggies batting - Pitching for Washington State Cougars : RHP Lawrence Thomas
|
Batting: RHB Brandon Townsley
|
0-0: Called Strike 0-1: Ball 1-1: Reached on error, E3 (Flyball, 34D)
|
Batting: RHB Kevin Wilson
|
0-0: Fly out, F9 (Flyball, 9S)
|
Batting: RHB James Richardson
|
0-0: Called Strike 0-1: Swinging Strike 0-2: Ball Brandon Townsley steals 2nd base 1-2: Ball 2-2: Fly out, F6 (Line Drive, 6M)
|
Batting: LHB Steve Hoffman
|
0-0: Foul Ball, location: 2F 0-1: Called Strike 0-2: Ball 1-2: Ball 2-2: Foul Ball, location: 2F 2-2: Strikes out swinging
|
Bottom of the 5th over - 0 run(s), 0 hit(s), 1 error(s), 1 left on base; Washington State 1 - Texas A&M 7 |
TOP OF THE 6TH |
Washington State Cougars batting - Pitching for Texas A&M Aggies : RHP Josh Ewing
|
Batting: RHB Nick Bailey
|
0-0: Called Strike 0-1: Ball 1-1: Ball 2-1: Ball 3-1: Base on Balls
|
Batting: RHB Lawrence Vaughn
|
0-0: Ball 1-0: Foul Ball, location: 2F 1-1: Called Strike 1-2: Fly out, F5 (Popup, 5)
|
Batting: RHB Montego Martínez
|
0-0: Ball 1-0: Ball 2-0: Fly out, F8 (Flyball, 89M)
|
Batting: RHB Brian Austin
|
0-0: Ball 1-0: Foul Ball, location: 2F 1-1: Fielders Choice at 2nd, 4-6 (Groundball, 4)
|
Top of the 6th over - 0 run(s), 0 hit(s), 0 error(s), 0 left on base; Washington State 1 - Texas A&M 7 |
BOTTOM OF THE 6TH |
Texas A&M Aggies batting - Pitching for Washington State Cougars : RHP Lawrence Thomas
|
Batting: RHB Jason Lawson
|
0-0: Ball 1-0: Ball 2-0: Swinging Strike 2-1: Ball 3-1: Foul Ball, location: 2F 3-2: SINGLE (Groundball, 56D)
|
Batting: RHB Paul Stewart
|
0-0: Ball 1-0: Ball 2-0: Ball 3-0: Base on Balls Jason Lawson to second
|
Batting: RHB Irwin Robinson
|
0-0: Ball 1-0: Called Strike 1-1: Ball 2-1: Called Strike 2-2: Grounds into double play, 4-6-3 (Groundball, 4) Jason Lawson to third
|
Batting: RHB Júlio Hobbs
|
0-0: SINGLE (Groundball, 34D) Jason Lawson scores
|
Batting: LHB Edward Bennett
|
0-0: Ball 1-0: Ball 2-0: Called Strike 2-1: Ball 3-1: Base on Balls Júlio Hobbs to second
|
Batting: RHB Brandon Townsley
|
0-0: SINGLE (Groundball, 56D) Júlio Hobbs to third Edward Bennett to second Runner from 3rd tries for Home, SAFE, no throw
|
Batting: RHB Kevin Wilson
|
0-0: Fly out, F9 (Flyball, 9S)
|
Bottom of the 6th over - 2 run(s), 3 hit(s), 0 error(s), 2 left on base; Washington State 1 - Texas A&M 9 |
TOP OF THE 7TH |
Washington State Cougars batting - Pitching for Texas A&M Aggies : RHP Josh Ewing
|
Batting: LHB Conan Bush
|
0-0: Ball 1-0: Called Strike 1-1: Swinging Strike 1-2: Foul Ball, location: 2F 1-2: Ball 2-2: Ball 3-2: Ground out 4-3 (Groundball, 4)
|
Pitching: LHP Jeffrey Hays
|
|
Batting: RHB Jesús Domínguez
|
0-0: Ground out 5-3 (Groundball, 56)
|
Batting: LHB Andrew Lockhart
|
0-0: Fly out, F9 (Flyball, 89S)
|
Top of the 7th over - 0 run(s), 0 hit(s), 0 error(s), 0 left on base; Washington State 1 - Texas A&M 9 |
BOTTOM OF THE 7TH |
Texas A&M Aggies batting - Pitching for Washington State Cougars : RHP Lawrence Thomas
|
Pitching: RHP Emílio Marín
|
|
Batting: RHB James Richardson
|
0-0: Ball 1-0: Ball 2-0: Swinging Strike 2-1: Foul Ball, location: 2F 2-2: Ball 3-2: Strikes out swinging
|
Batting: LHB Steve Hoffman
|
0-0: Ground out 6-3 (Groundball, 6)
|
Batting: RHB Jason Lawson
|
0-0: Foul Ball, location: 2F 0-1: Fly out, F8 (Flyball, 78S)
|
Bottom of the 7th over - 0 run(s), 0 hit(s), 0 error(s), 0 left on base; Washington State 1 - Texas A&M 9 |
TOP OF THE 8TH |
Washington State Cougars batting - Pitching for Texas A&M Aggies : LHP Jeffrey Hays
|
Batting: RHB John Hall
|
0-0: Fly out, F9 (Flyball, 9S)
|
Batting: RHB Rick Holman
|
0-0: Called Strike 0-1: Ball 1-1: Ball 2-1: Ground out 6-3 (Groundball, 6)
|
Batting: RHB Nick Bailey
|
0-0: Ball 1-0: Ground out 1-3 (Groundball, 13S)
|
Top of the 8th over - 0 run(s), 0 hit(s), 0 error(s), 0 left on base; Washington State 1 - Texas A&M 9 |
BOTTOM OF THE 8TH |
Texas A&M Aggies batting - Pitching for Washington State Cougars : RHP Emílio Marín
|
Batting: RHB Paul Stewart
|
0-0: Called Strike 0-1: Ball 1-1: Foul Ball, location: 2F 1-2: Foul Ball, location: 2F 1-2: Ball 2-2: Reached on error, E5 (Groundball, 56S)
|
Batting: RHB Irwin Robinson
|
0-0: Fly out, F8 (Flyball, 8RXD) Runner from 1st tags up, SAFE at 2nd
|
Batting: RHB Júlio Hobbs
|
0-0: Called Strike 0-1: Ball 1-1: Ball 2-1: Ball 3-1: Called Strike 3-2: Foul Ball, location: 2F 3-2: Foul Ball, location: 2F 3-2: Base on Balls
|
Batting: LHB Edward Bennett
|
0-0: Swinging Strike 0-1: Ball 1-1: Foul Ball, location: 2F 1-2: Ball 2-2: Foul Ball, location: 2F 2-2: Ball 3-2: Base on Balls Paul Stewart to third Júlio Hobbs to second
|
Batting: RHB Brandon Townsley
|
0-0: Fly out, F8 (Flyball, 8RM) Runner from 3rd tags up, SCORES, no throw
|
Batting: RHB Kevin Wilson
|
0-0: Ball 1-0: Foul Ball, location: 2F 1-1: Swinging Strike 1-2: Strikes out swinging
|
Bottom of the 8th over - 1 run(s), 0 hit(s), 1 error(s), 2 left on base; Washington State 1 - Texas A&M 10 |
TOP OF THE 9TH |
Washington State Cougars batting - Pitching for Texas A&M Aggies : LHP Jeffrey Hays
|
Now in RF: George Wells
|
|
Batting: RHB Lawrence Vaughn
|
0-0: Ball 1-0: Foul Ball, location: 2F 1-1: Ball 2-1: SINGLE (Groundball, 4MD)
|
Batting: RHB Montego Martínez
|
0-0: Ball 1-0: Foul Ball, location: 2F 1-1: Ball 2-1: Ball 3-1: Fielders Choice at 2nd, 3-6 (Groundball, 34)
|
Batting: RHB Brian Austin
|
0-0: Foul Ball, location: 2F 0-1: Ball 1-1: Foul Ball, location: 2F 1-2: Ground out 3-1 (Groundball, 34S) Montego Martínez to second
|
Batting: LHB Conan Bush
|
0-0: Ball 1-0: Ball 2-0: Called Strike 2-1: Foul Ball, location: 2F 2-2: Foul Ball, location: 2F 2-2: Ball 3-2: Foul Ball, location: 2F 3-2: Base on Balls
|
Batting: RHB Jesús Domínguez
|
0-0: Ball 1-0: Called Strike 1-1: Foul Ball, location: 2F 1-2: Ball 2-2: Strikes out swinging
|
Top of the 9th over - 0 run(s), 1 hit(s), 0 error(s), 2 left on base; Washington State 1 - Texas A&M 10 |
|